 Dungeon Crawl Stone Soup version 0.19-a0-157-gbc558dc (webtiles) character file.

10024 Kidiri the Thaumaturge (level 11, -5/72 HPs)
             Began as a High Elf Fire Elementalist on May 20, 2016.
             Was a Priest of Vehumet.
             Slain by Nico3ck's ghost (19 damage)
             ... on level 11 of the Dungeon.
             The game lasted 00:51:57 (17416 turns).

Kidiri the Thaumaturge (HEFE)                      Turns: 17416, Time: 00:51:58

Health: -5/72      AC: 14    Str:  7    XL:     11   Next: 30%
Magic:  10/24      EV: 22    Int: 22    God:    Vehumet [***...]
Gold:   737        SH:  4    Dex: 19    Spells: 9 memorised, 0 levels left

rFire  . . .     SeeInvis .     Z - +2 falchion (flame)
rCold  . . .     Gourm    .     J - +0 leather armour
rNeg   . . .     Faith    .     (no shield)
rPois  +         Spirit   .     j - +2 hat
rElec  .         Dismiss  .     V - +0 cloak {rPois}
rCorr  .         Reflect  +     t - +1 pair of gloves
SustAt .         Harm     .     i - +1 pair of boots
MR     +....     Clarity  +     T - +4 amulet of reflection
Stlth  ++........               y - +4 ring of evasion
                                l - ring of wizardry

@: somewhat resistant to hostile enchantments, unstealthy
A: hooves 1, thin metallic scales 1, agile 1, clarity, regeneration 1, screaming
1, shaggy fur 1, MP-powered wands
a: Renounce Religion


You were on level 11 of the Dungeon.
You worshipped Vehumet.
Vehumet was most pleased with you.
You were not hungry.

You visited 2 branches of the dungeon, and saw 12 of its levels.

You collected 737 gold pieces.

Inventory:

Hand Weapons
 Z - a +2 falchion of flaming (weapon)
Armour
 i - a +1 pair of boots (worn)
 j - a +2 hat (worn)
 t - a +1 pair of gloves (worn)
 w - a +0 helmet
 J - a +0 leather armour (worn)
 U - a +1 ring mail of cold resistance
 V - a +0 cloak of poison resistance (worn)
Jewellery
 e - a +1 ring of protection
 l - a ring of wizardry (left hand)
 y - a +4 ring of evasion (right hand)
 T - a +4 amulet of reflection (around neck)
Wands
 G - a wand of paralysis (13/24)
 I - a wand of iceblast (5/15)
 M - a wand of digging (24/24)
 W - a wand of flame (23/48)
Scrolls
 a - 4 scrolls of remove curse
 g - a scroll of immolation
 m - a scroll of amnesia
 n - 5 scrolls of teleportation
 q - a scroll of holy word
 O - a scroll of summoning
Potions
 c - 2 potions of might
 f - a potion of flight
 h - a potion of brilliance
 r - 2 potions of lignification
 s - 2 potions of invisibility
 x - a potion of agility
 B - a potion of berserk rage
 L - a potion of cancellation
 N - a potion of cure mutation
Books
 b - a book of Flames

   Spells                             Type                      Level
   a - Flame Tongue                   Conjuration/Fire             1
   b - Throw Flame                    Conjuration/Fire             2
   c - Conjure Flame                  Conjuration/Fire             3
   d - Inner Flame                    Hexes/Fire                   3
   e - Sticky Flame                   Conjuration/Fire             4
   f - Fireball                       Conjuration/Fire             5
 v - a book of the Dragon

   Spells                             Type                      Level
   a - Flame Tongue                   Conjuration/Fire             1
   b - Cause Fear                     Hexes                        4
   c - Bolt of Fire                   Conjuration/Fire             6
   d - Dragon Form                    Transmutation                7
   e - Dragon's Call                  Summoning                    9
 K - a book of Conjurations

   Spells                             Type                      Level
   a - Magic Dart                     Conjuration                  1
   b - Searing Ray                    Conjuration                  2
   c - Dazzling Spray                 Conjuration/Hexes            3
   d - Fulminant Prism                Conjuration/Hexes            4
   e - Iskenderun's Mystic Blast      Conjuration                  4
   f - Iskenderun's Battlesphere      Conjuration/Charms           5
 Y - a book of Cantrips

   Spells                             Type                      Level
   a - Corona                         Hexes                        1
   b - Animate Skeleton               Necromancy                   1
   c - Summon Small Mammal            Summoning                    1
   d - Apportation                    Translocation                1
Comestibles
 k - 3 bread rations
 z - 11 royal jellies
 C - 3 meat rations


   Skills:
 + Level 5.4 Fighting
 + Level 4.8 Armour
 + Level 8.4 Dodging
 - Level 2.1 Stealth
 + Level 8.6 Spellcasting
 + Level 6.4 Conjurations
 + Level 5.6 Hexes
 + Level 3.4 Charms
 * Level 7.2 Fire Magic
 + Level 1.3 Air Magic
 + Level 2.3 Earth Magic
 + Level 3.1 Poison Magic


You couldn't memorise any spells.
You knew the following spells:

 Your Spells              Type           Power        Failure   Level  Hunger
a - Flame Tongue          Conj/Fire      #####        1%          1    None
b - Throw Flame           Conj/Fire      #####.       1%          2    None
c - Conjure Flame         Conj/Fire      #####...     1%          3    None
d - Inner Flame           Hex/Fire       #####...     1%          3    None
e - Sticky Flame          Conj/Fire      #####...     1%          4    ##.....
f - Fireball              Conj/Fire      #####.....   2%          5    #####..
g - Mephitic Cloud        Conj/Pois/Air  ####....     1%          3    None
h - Sandblast             Erth           ###...       1%          1    None
i - Iskenderun's Battles  Conj/Chrm      ####....     4%          5    #####..


Dungeon Overview and Level Annotations

Branches:
Dungeon (11/15)            Temple (1/1) D:5            Lair (0/8) D:10
    Orc (0/2) D:10

Altars:
Ashenzari
Cheibriados
Dithmenos
Elyvilon
Fedhas
Gozag
Kikubaaqudgha
Makhleb
Nemelex Xobeh
Okawaru
Pakellas
Qazlal
Ru
Sif Muna
Trog
Vehumet
Xom
Yredelemnul
Zin
The Shining One

Annotations:
D:11 Nico3ck's ghost, journeyman FoFi


Innate Abilities, Weirdness & Mutations

You have large cloven feet.
You are partially covered in thin metallic scales (AC +2).
You are agile. (Dex +2)
You possess an exceptional clarity of mind.
Your natural rate of healing is unusually fast.
You occasionally shout uncontrollably at your foes.
You are covered in fur (AC +1).
You expend magic power (3 MP) to strengthen your wands.


Message History

Nico3ck's ghost hits you!!
You are electrocuted!
Unknown command.
Drink which item? (? for menu, Esc to quit)
You feel better.
Nico3ck's ghost is engulfed in roaring flames.
Nico3ck's ghost hits you.
Drink which item? (? for menu, Esc to quit)
You feel better. Nico3ck's ghost hits you!!
* * * LOW HITPOINT WARNING * * *
Unknown command.
Unknown command.
Unknown command.
Unknown command.
You hit Nico3ck's ghost but do no damage.
Nico3ck's ghost is lightly damaged.
Nico3ck's ghost is engulfed in roaring flames.
Nico3ck's ghost hits you.
* * * LOW HITPOINT WARNING * * *
Nico3ck's ghost hits you!!
You die...

...##..........#
................#
...###..........#
. #.........##
##.......##
##...#### ##...#
#W#.# #@#...
#.....# ....#.#
.....#.#
##....... ..##.##
.. .# ##. ..


You could see Nico3ck's ghost.

Vanquished Creatures
  The ghost of Gruesome the Carver, a novice DgSu (D:8)
  A hill giant (D:10)
  Pikel (D:8)
  A gargoyle (D:10)
  13 yaks
  A wyvern (D:9)
  2 hippogriffs
  3 hungry ghosts
  2 orc warriors (D:10)
  4 ice beasts
  3 slaves (D:8)
  6 sky beasts
  A black bear (D:7)
  2 wasps (D:9)
  3 centaurs
  A phantom (D:7)
  6 giant frogs
  3 wyvern zombies
  4 scorpions
  20 killer bees
  6 howler monkeys
  7 crimson imps
  2 giant frog zombies (D:7)
  2 centaur zombies
  3 hounds
  8 jellies
  2 quasits
  An orc priest (D:10)
  14 orc wizards
  A giant frog skeleton (D:5)
  2 iguanas (D:8)
  6 worker ants
  A hound skeleton (D:5)
  A worker ant zombie (D:8)
  10 adders
  3 gnolls (D:7)
  3 shadow imps
  An adder zombie (D:9)
  6 oozes
  2 worms
  2 dart slugs (D:1)
  3 giant geckos
  31 orcs
  7 giant cockroaches
  12 goblins
  13 hobgoblins
  14 jackals
  7 kobolds
  A quokka (D:7)
  4 ball pythons
  A ball python skeleton (D:4)
  5 bats
  5 giant newts
  A jackal zombie (D:7)
  A quokka skeleton (D:5)
  14 rats
  3 bushes (D:1)
  6 plants
289 creatures vanquished.

Vanquished Creatures (others)
  A tengu reaver (D:4)
  A slave (D:8)
  An orc (D:6)
  A plant (D:9)
4 creatures vanquished.

Grand Total: 293 creatures vanquished

Notes
Turn   | Place    | Note
--------------------------------------------------------------
     0 | D:1      | Kidiri the High Elf Fire Elementalist began the quest for the Orb.
     0 | D:1      | Reached XP level 1. HP: 11/11 MP: 4/4
   290 | D:1      | Reached XP level 2. HP: 15/17 MP: 0/6
   294 | D:1      | Learned a level 2 spell: Throw Flame
   649 | D:1      | Found a glowing golden altar of the Shining One.
  1122 | D:1      | Reached XP level 3. HP: 20/22 MP: 2/8
  1157 | D:1      | Learned a level 3 spell: Inner Flame
  3811 | D:2      | Reached skill level 1 in Hexes
  3866 | D:2      | Reached skill level 1 in Fighting
  4090 | D:2      | Reached skill level 1 in Armour
  4090 | D:2      | Reached XP level 4. HP: 23/28 MP: 1/9
  4176 | D:2      | Learned a level 3 spell: Conjure Flame
  4648 | D:3      | Gained mutation: You have a pair of small horns on your head. [potion of mutation]
  4648 | D:3      | Gained mutation: You have large cloven feet. [potion of mutation]
  5434 | D:3      | Reached XP level 5. HP: 29/33 MP: 6/11
  6280 | D:4      | Found an oddly glowing altar of Pakellas.
  6281 | D:4      | Noticed a tengu reaver
  6290 | D:4      | Killed a tengu reaver
  6582 | D:5      | Entered Level 5 of the Dungeon
  6820 | D:5      | Reached XP level 6. HP: 36/39 MP: 13/13
  6837 | D:5      | Learned a level 4 spell: Sticky Flame
  7213 | D:5      | Noticed a sky beast
  7224 | D:5      | Killed a sky beast
  7256 | D:5      | Gained mutation: You are agile. (Dex +2) [mutagenic meat]
  7258 | D:5      | Gained mutation: Your natural rate of healing is unusually fast. [mutagenic meat]
  7259 | D:5      | Gained mutation: You are partially covered in thin metallic scales (AC +2). [mutagenic meat]
  7261 | D:5      | Gained mutation: You are covered in fur (AC +1). [mutagenic meat]
  7421 | D:5      | Found a staircase to the Ecumenical Temple.
  7436 | Temple   | Entered the Ecumenical Temple
  7566 | Temple   | Became a worshipper of Vehumet
  7635 | D:5      | Found a snail-covered altar of Cheibriados.
  7770 | D:5      | Reached XP level 7. HP: 45/45 MP: 14/14
  8325 | D:6      | Reached skill level 5 in Spellcasting
  8870 | D:6      | Reached XP level 8. HP: 41/51 MP: 7/17
  8966 | D:6      | Learned a level 5 spell: Fireball
  9151 | D:6      | Reached skill level 5 in Dodging
  9817 | D:7      | Reached * piety under Vehumet
  9817 | D:7      | Offered knowledge of Sting by Vehumet.
  9928 | D:7      | Learned a level 1 spell: Sting
 10123 | D:7      | Reached XP level 9. HP: 58/58 MP: 10/20
 10789 | D:7      | Reached skill level 5 in Fire Magic
 11300 | D:8      | Noticed Pikel
 11309 | D:8      | Killed Pikel
 11309 | D:8      | Reached skill level 5 in Conjurations
 11309 | D:8      | Reached skill level 1 in Poison Magic
 11591 | D:8      | Offered knowledge of Sandblast by Vehumet.
 11661 | D:8      | Reached ** piety under Vehumet
 12103 | D:8      | Noticed Gruesome's ghost (novice DgSu)
 12143 | D:8      | Killed Gruesome's ghost
 12143 | D:8      | Reached XP level 10. HP: 36/65 MP: 5/22
 12148 | D:8      | Learned a level 1 spell: Sandblast
 12532 | D:9      | Learned a level 5 spell: Iskenderun's Battlesphere
 12623 | D:9      | Reached skill level 1 in Earth Magic
 12763 | D:9      | Reached skill level 5 in Hexes
 12887 | D:9      | Found a glowing silver altar of Zin.
 13013 | D:9      | Reached skill level 1 in Charms
 13601 | D:9      | Reached skill level 5 in Fighting
 13805 | D:10     | Entered Level 10 of the Dungeon
 13984 | D:10     | Found a staircase to the Orcish Mines.
 14007 | D:10     | Offered knowledge of Mephitic Cloud by Vehumet.
 14265 | D:10     | Found a staircase to the Lair.
 14948 | D:10     | Reached *** piety under Vehumet
 15056 | D:10     | Gained mutation: You occasionally shout uncontrollably at your foes. [mutagenic meat]
 15057 | D:10     | Lost mutation: You have a pair of small horns on your head. [mutagenic meat]
 15059 | D:10     | Gained mutation: You possess an exceptional clarity of mind. [mutagenic meat]
 15112 | D:10     | Reached XP level 11. HP: 68/71 MP: 24/24
 15204 | D:7      | Learned a level 3 spell: Mephitic Cloud
 15564 | D:10     | Noticed a hill giant
 15579 | D:10     | Killed a hill giant
 15828 | D:10     | Offered knowledge of Throw Icicle by Vehumet.
 16998 | D:9      | Found an oddly glowing altar of Pakellas.
 17001 | D:9      | Found a burning altar of Makhleb.
 17069 | D:11     | Reached skill level 1 in Air Magic
 17074 | D:11     | Gained mutation: You expend magic power (3 MP) to strengthen your wands. [mutagenic meat]
 17092 | D:11     | Noticed a hill giant
 17398 | D:11     | Noticed Nico3ck's ghost (journeyman FoFi)
 17416 | D:11     | Slain by Nico3ck's ghost

Vault maps used:
D:1:      dpeg_arrival_refuge, serial_forest, infiniplex_forest_straight_5,
          infiniplex_forest_end_2, infiniplex_forest_split,
          infiniplex_forest_lined_3_way, infiniplex_forest_clump_curved,
          infiniplex_forest_lined_1, infiniplex_forest_straight_2,
          moated_statue, minmay_misc_feat_plants, tso_metal_star
D:2:      kennysheep_generic_room_9
D:3:      serial_co_window_serial, co_window_cross_1, co_window_cross_1,
          co_window_paths_a, co_window_corner_a, co_window_paths_b,
          co_window_2corner, co_window_corner_b, co_window_corner_b,
          co_window_corner_cb, co_window_cross_2, co_window_2corner,
          co_window_4corner_a, glass_columns_a, glass_columns_a,
          glass_columns_c, glass_columns_c, glass_columns_b
D:4:      gammafunk_pakellas_spire_experiment
D:5:      marbit_many_paths, minmay_temple_entry_statues_pillars, first_bread,
          due_unseen_surprise
D:8:      hangedman_little_slice_of_home, uniq_pikel
D:9:      nicolae_overflow_hidden_temple, serial_bayou_pond_c,
          serial_bayou_pond_e
D:10:     lair_0_dummy, orc_0_dummy, nicolae_benzene_ring,
          serial_park_tiny_pond, minmay_misc_feat_pillars
D:11:     uniq_erica
Temple:   nicolae_temple_elliptical

Skill      XL: |  1  2  3  4  5  6  7  8  9 10 11 |
---------------+----------------------------------+-----
Spellcasting   | 3 4 5 6 7 8 |  8.6
Hexes          | 1 2 3 4 5 |  5.6
Fighting       | 1 2 3 4 5 |  5.4
Armour         | 1 2 3 4 |  4.8
Dodging        | 3 4 5 7 8 |  8.4
Conjurations   | 2 3 4 5 6 |  6.4
Fire Magic     | 4 5 6 7 |  7.2
Poison Magic   | 1 2 3 |  3.1
Earth Magic    | 1 2 |  2.3
Charms         | 2 3 |  3.4
Air Magic      | 1 |  1.3
Stealth        | |  2.1

Action                   |  1- 3 |  4- 6 |  7- 9 | 10-12 || total
-------------------------+-------+-------+-------+-------++-------
Melee: Club              |     5 |       |       |       ||     5
       Dagger            |  1148 |     2 |       |       ||  1150
       Whip              |       |   145 |   299 |   163 ||   607
       Headbutt          |       |    24 |    67 |    53 ||   144
       Mace              |       |       |    22 |       ||    22
       Falchion          |       |       |       |   468 ||   468
 Cast: Flame Tongue      |    62 |    32 |    62 |   104 ||   260
       Throw Flame       |    52 |    20 |     8 |     7 ||    87
       Conjure Flame     |       |     3 |     9 |    13 ||    25
       Inner Flame       |       |     1 |     9 |     4 ||    14
       Sticky Flame      |       |       |    18 |    26 ||    44
       Fireball          |       |       |       |     2 ||     2
       Mephitic Cloud    |       |       |       |     1 ||     1
  Use: Scroll            |       |     7 |     8 |    20 ||    35
       Potion            |       |     2 |     4 |     3 ||     9
 Stab: Sleeping          |     1 |     2 |     4 |     1 ||     8
       Distracted        |       |     1 |       |       ||     1
  Eat: Chunk             |     5 |    16 |    13 |    19 ||    53
       Bread ration      |     2 |       |       |       ||     2
       Pizza             |     1 |       |     3 |       ||     4
       Beef jerky        |       |     1 |       |     3 ||     4
       Fruit             |       |       |       |     5 ||     5
Armor: Leather armour    |    25 |    63 |   121 |   181 ||   390
       Robe              |     1 |       |       |       ||     1
       Scale mail        |       |     6 |       |       ||     6
       Skin              |       |     3 |       |       ||     3
       Ring mail         |       |       |    69 |       ||    69
Dodge: Dodged            |    69 |   126 |   322 |   631 ||  1148
Block: Other             |       |       |       |   129 ||   129
